 Dungeon Crawl Stone Soup version 0.23.2-1-ga50397a (webtiles) character file.

Game seed: 10648642854772988177

628 DungeonDestroyer the Chopper (level 7, -10/61 HPs)
             Began as a Minotaur Fighter on Apr 17, 2019.
             Was a Follower of Ashenzari.
             Killed by divine providence
             ... invoked by an orc priest
              (13 damage)
             ... on level 4 of the Dungeon.
             The game lasted 00:09:12 (2516 turns).

DungeonDestroyer the Chopper (Minotaur Fighter)     Turns: 2516, Time: 00:09:13

Health: -10/61     AC: 11    Str: 25    XL:     7   Next: 23%
Magic:  6/6        EV:  6    Int:  5    God:    Ashenzari [*.....]
Gold:   165        SH: 16    Dex: 15    Spells: 6/6 levels left

rFire    . . .     SeeInvis .   a - +1 war axe
rCold    . . .     Gourm    .   c - +1 shield
rNeg     . . .     Faith    +   p - +0 chain mail
rPois    .         Spirit   .   (helmet restricted)
rElec    .         Reflect  .   (no cloak)
rCorr    .         Harm     .   o - +0 pair of gloves
MR       .....     Clarity  +   (no boots)
Stlth    ..........             e - amulet of faith
HPRegen  0.20/turn              i - +3 ring of strength (curse)
MPRegen  0.10/turn              l - +5 ring of dexterity

@: no status effects
A: retaliatory headbutt, horns 2, large bone plates 1, clarity, wild magic 2
a: Curse Item, Scrying, Renounce Religion


You were on level 4 of the Dungeon.
You worshipped Ashenzari.
Ashenzari was aware of your devotion.
You were not hungry.

You visited 1 branch of the dungeon, and saw 4 of its levels.

You collected 165 gold pieces.

Inventory:

Hand Weapons
 a - a +1 war axe (weapon)
Armour
 c - a +1 shield (worn)
 o - a +0 pair of gloves (worn)
 p - a +0 chain mail (worn)
Jewellery
 e - an amulet of faith (around neck)
 i - a cursed +3 ring of strength (left hand)
 l - a +5 ring of dexterity (right hand)
 t - an uncursed ring of flight
Wands
 n - a wand of polymorph (8)
 q - a wand of random effects (15)
Scrolls
 g - a scroll of identify
 h - a scroll of remove curse
 k - 2 scrolls of teleportation
Potions
 d - a potion of might
 j - 4 potions of heal wounds
 m - 2 potions of curing
Comestibles
 f - 2 rations


   Skills:
 + Level 5.1 Fighting
 + Level 6.8 Axes
 + Level 5.2 Armour
 + Level 5.7 Shields


You had 6 spell levels left.
You didn't know any spells.
Your spell library was empty.

Dungeon Overview and Level Annotations

Branches:
Dungeon (4/15)
 Temple: D:4-7

Altars:
Ashenzari
Dithmenos
Elyvilon
Kikubaaqudgha
Makhleb
Nemelex Xobeh
Sif Muna
Uskayaw
The Shining One

Shops:
D:4 }


Innate Abilities, Weirdness & Mutations

You reflexively headbutt those who attack you in melee.
You have a pair of horns on your head.
You are partially covered in large bone plates. (SH +4)
You possess an exceptional clarity of mind.
Your spells are harder to cast, but more powerful.


Message History

You are too injured to fight recklessly!
You slash the orc priest!
You kill the orc priest!
You hit the orc priest. You completely miss the orc.
The orc priest mumbles some strange prayers to Beogh against you.
Beogh smites you!
* * * LOW HITPOINT WARNING * * *
You block the orc's attack. The orc hits you but does no damage.
You block the quokka's attack.
You hit the orc priest but do no damage.
You headbutt the orc priest.
The orc priest is severely wounded.
You barely miss the orc. You hit the quokka.
The orc priest mumbles some strange prayers to Beogh against you.
Beogh smites you!
* * * LOW HITPOINT WARNING * * *
You block the quokka's attack. The orc hits you but does no damage. x2
The orc priest calls down the wrath of Beogh upon you.
Beogh smites you!
You die...

##.#...........#
##....
#.#.(.........#
##.....
###..........##
#...... ##..##.....#
#......
#####......####......
#..........##........
##.......##..........
##..........####....
##@.....#### ##..
#oro..### ###
wo..#### # ...####
...## .. .


You could see a worm, an orc priest, 2 orcs and a quokka.

Vanquished Creatures
  Sigmund (D:2)
  An ogre (D:4)
  2 orc priests
  A hound (D:4)
  A centaur skeleton (D:4)
  2 orc wizards
  An iguana (D:3)
  Ijyb (D:4)
  Robin (D:3)
  4 adders
  An ooze (D:1)
  2 worms (D:2)
  4 dart slugs
  3 leopard geckos
  10 orcs (D:3)
  A ball python (D:4)
  2 giant cockroaches
  11 goblins
  12 hobgoblins
  8 jackals
  A quokka (D:2)
  6 bats
  3 frilled lizards
  6 kobolds
  A leopard gecko skeleton (D:4)
  9 rats
95 creatures vanquished.

Notes
Turn   | Place    | Note
-------+----------+-------------------------------------------
     0 | D:1      | DungeonDestroyer the Minotaur Fighter began the quest for
                  | the Orb.
     0 | D:1      | Reached XP level 1. HP: 19/19 MP: 0/0
   161 | D:1      | Reached XP level 2. HP: 24/27 MP: 1/1
   355 | D:1      | Found a shattered altar of Ashenzari.
   368 | D:1      | Became a worshipper of Ashenzari the Shackled
   371 | D:1      | Gained mutation: You have very sharp teeth. [potion of
                  | mutation]
   371 | D:1      | Lost mutation: You have very sharp teeth. [potion of
                  | mutation]
   371 | D:1      | Gained mutation: You are partially covered in slimy green
                  | scales. (AC +2) [potion of mutation]
   558 | D:2      | Reached XP level 3. HP: 33/33 MP: 2/2
   657 | D:2      | Reached skill level 3 in Axes
   658 | D:2      | Noticed Sigmund
   675 | D:2      | Killed Sigmund
   675 | D:2      | Reached skill level 4 in Axes
   675 | D:2      | Reached skill level 5 in Shields
   675 | D:2      | Reached XP level 4. HP: 16/41 MP: 3/3
   675 | D:2      | Reached XP level 5. HP: 18/47 MP: 4/4
   931 | D:2      | Found a glowing golden altar of the Shining One.
   936 | D:2      | Found a sparkling altar of Nemelex Xobeh.
   961 | D:2      | Reached skill level 5 in Axes
  1008 | D:2      | Found a white marble altar of Elyvilon.
  1168 | D:2      | Found a shadowy altar of Dithmenos.
  1168 | D:2      | Found a deep blue altar of Sif Muna.
  1169 | D:2      | Found a shattered altar of Ashenzari.
  1169 | D:2      | Found a hide-covered altar of Uskayaw.
  1296 | D:3      | Reached XP level 6. HP: 36/53 MP: 5/5
  1322 | D:3      | Lost mutation: You are partially covered in slimy green
                  | scales. (AC +2) [potion of mutation]
  1322 | D:3      | Gained mutation: You are partially covered in large bone
                  | plates. (SH +4) [potion of mutation]
  1322 | D:3      | Gained mutation: Your spells are a little harder to cast,
                  | but a little more powerful. [potion of mutation]
  1322 | D:3      | Gained mutation: You possess an exceptional clarity of
                  | mind. [potion of mutation]
  1322 | D:3      | Gained mutation: Your spells are harder to cast, but more
                  | powerful. [potion of mutation]
  1472 | D:3      | Found an ancient bone altar of Kikubaaqudgha.
  1644 | D:3      | Noticed Robin
  1658 | D:3      | Killed Robin
  1764 | D:3      | Found a burning altar of Makhleb.
  2075 | D:4      | Reached skill level 5 in Fighting
  2075 | D:4      | Reached skill level 6 in Axes
  2075 | D:4      | Reached skill level 5 in Armour
  2346 | D:4      | Found Qiofiuco's Gadget Emporium.
  2352 | D:4      | Noticed Ijyb
  2367 | D:4      | Killed Ijyb
  2367 | D:4      | Reached XP level 7. HP: 61/61 MP: 6/6
  2373 | D:4      | Reached * piety under Ashenzari
  2516 | D:4      | HP: 3/61 [orc priest/divine providence (14)]
  2516 | D:4      | Killed from afar by an orc priest

Skill      XL: |  1  2  3  4  5  6 |
---------------+-------------------+-----
Shields        | 4 5 |  5.7
Armour         | 4 5 |  5.2
Fighting       | 4 5 |  5.1
Axes           | 4 5 6 |  6.8

Action                   |  1- 3 |  4- 6 |  7- 9 || total
-------------------------+-------+-------+-------++-------
Melee: War axe           |    69 |   114 |    20 ||   203
       Headbutt          |    10 |    22 |     2 ||    34
Invok: Curse Item        |     1 |       |       ||     1
  Use: Scroll            |     6 |     3 |       ||     9
       Potion            |     5 |     2 |       ||     7
  Eat: Chunk             |       |     3 |       ||     3
       Ration            |       |     1 |       ||     1
Armor: Scale mail        |    28 |    32 |       ||    60
       Chain mail        |       |     7 |     7 ||    14
Dodge: Dodged            |    23 |    29 |     2 ||    54
Block: Shield            |    32 |    79 |    24 ||   135
